 Dungeon Crawl Stone Soup version 0.29.1-15-g9cfb28693d (webtiles) character file.

Game seed: 2739781570841498621

4592 jtron the Cleaver (level 10, -3/79 HPs)
             Began as a Gnoll Wanderer on Mar 20, 2023.
             Was a Follower of Makhleb.
             Succumbed to a killer bee's poison
             ... on level 8 of the Dungeon.
             The game lasted 00:21:13 (7764 turns).

jtron the Cleaver (Gnoll Wanderer)                  Turns: 7764, Time: 00:21:14

Health: -3/79      AC:  9    Str: 13    XL:     10   Next: 41%
Magic:  18/18      EV: 13    Int: 18    God:    Makhleb [*.....]
Gold:   521        SH:  0    Dex: 14    Spells: 14/19 levels left

rFire   + + .      SeeInvis .   a - +0 war axe (spect)
rCold   . . .      Faith    .   (no shield)
rNeg    . . .      Spirit   .   C - +3 leather armour {rF+}
rPois   .          Reflect  .   (no helmet)
rElec   .          Harm     .   l - +2 cloak
rCorr   .          Rampage  .   (no gloves)
Will    .....                   (no boots)
Stlth   +++.......              (no amulet)
HPRegen 0.23/turn               B - +6 ring of intelligence
MPRegen 0.16/turn               q - ring of protection from fire

@: lethally poisoned (-3 -> -26), about to teleport, studying Evocations
A: fangs 1, strong nose, distributed training
a: Renounce Religion


You were on level 8 of the Dungeon.
You worshipped Makhleb.
Makhleb was aware of your devotion.
You visited 2 branches of the dungeon, and saw 9 of its levels.

You collected 521 gold pieces.

Inventory:

Hand Weapons
 a - a +0 spectral war axe (weapon)
 b - a +0 sling
 d - a +0 dagger
 p - a +0 mace
 w - a +3 whip of electrocution
 K - a +3 war axe of freezing
 M - the +4 dagger "Morg" {pain, Will+ Int+5}
   (You found it on level 7 of the Dungeon)

   In the hands of one skilled in necromantic magic, it inflicts extra damage on
   living creatures.
   Int:       It affects your intelligence (+5).
   Will:      It increases your willpower.
Missiles
 c - 15 poisoned darts (quivered)
 i - 76 stones
 o - 5 atropa-tipped darts
 t - 4 javelins
 E - 15 boomerangs
 F - a throwing net
Armour
 l - a +2 cloak (worn)
 u - a scarf of shadows
 C - a +3 leather armour of fire resistance (worn)
Magical Staves
 g - a staff of air
 k - a staff of earth
 J - a staff of earth
Jewellery
 f - a ring of ice
 j - a ring of flight
 q - a ring of protection from fire (right hand)
 r - an amulet of faith
 B - a +6 ring of intelligence (left hand)
 L - a +6 ring of dexterity
Wands
 A - a wand of paralysis (3)
 I - a wand of roots (12)
 N - a wand of light (13)
Scrolls
 h - a scroll of fog
 n - a scroll of poison
 x - a scroll of summoning
 y - 2 scrolls of immolation
 z - 3 scrolls of teleportation
 D - 3 scrolls of identify
 G - a scroll of fear
Potions
 e - a potion of curing
 m - a potion of resistance
 s - 4 potions of lignification
 v - a potion of mutation {unknown}
 H - 2 potions of cancellation {unknown}
 O - a potion of berserk rage {unknown}


   Skills:
 + Level 7.2 Fighting
 + Level 5.4 Short Blades
 + Level 5.4 Long Blades
 + Level 10.2 Axes
 + Level 7.2 Maces & Flails
 + Level 5.4 Polearms
 + Level 5.4 Staves
 + Level 5.4 Ranged Weapons
 + Level 6.1 Throwing
 + Level 5.4 Armour
 + Level 5.4 Dodging
 + Level 5.4 Stealth
 + Level 5.4 Shields
 + Level 5.4 Unarmed Combat
 + Level 5.4 Spellcasting
 + Level 4.5 Conjurations
 + Level 4.5 Hexes
 + Level 4.5 Summonings
 + Level 4.5 Necromancy
 + Level 4.5 Translocations
 + Level 4.5 Transmutations
 + Level 4.5 Fire Magic
 + Level 4.5 Ice Magic
 + Level 4.5 Air Magic
 + Level 4.5 Earth Magic
 + Level 4.5 Poison Magic
 + Level 6.6 Invocations
 + Level 7.4 Evocations


You had 14 spell levels left.
You knew the following spells:

 Your Spells              Type           Power      Damage    Failure   Level
a - Wereblood             Tmut           21%        N/A       3%          2
b - Ozocubu's Armour      Ice            21%        N/A       8%          3

Your spell library contained the following spells:

 Spells                   Type           Power      Damage    Failure   Level
 Beastly Appendage        Tmut           42%        N/A       2%          1
 Foxfire                  Conj/Fire      84%        2x1d8     2%          1
 Sandblast                Erth           42%        2d11      2%          1
 Passwall                 Tmut/Erth      17%        N/A       3%          2
 Conjure Flame            Conj/Fire      21%        6-21      8%          3
 Inner Flame              Hex/Fire       21%        N/A       8%          3
 Spider Form              Tmut/Pois      21%        N/A       8%          3
 Stone Arrow              Conj/Erth      42%        3d9       8%          3
 Animate Dead             Necr           21%        N/A       24%         4
 Flame Wave               Conj/Fire      21%        2d8       24%         4
 Haunt                    Necr/Summ      10%        N/A       100%        7
 Ozocubu's Refrigeration  Ice            10%        4d9       100%        7
 Infestation              Necr           10%        N/A       100%        8


Dungeon Overview and Level Annotations

Branches:
Dungeon (8/15)             Temple (1/1) D:7            Lair (0/5) D:8

Altars:
Ashenzari
Cheibriados
Dithmenos
Fedhas
Gozag
Kikubaaqudgha
Makhleb
Nemelex Xobeh
Okawaru
Qazlal
Ru
Trog
Uskayaw
Vehumet
Wu Jian
Xom
Yredelemnul
The Shining One

Shops:
D:2 *[[


Innate Abilities, Weirdness & Mutations

You have very sharp teeth.
Your uncanny sense of smell can sniff out nearby items.
Your experience applies equally to all skills.


Message History

The killer bee is severely wounded.
You hit the orc warrior.
Your +0 spectral war axe barely misses the orc warrior.
You feel sick.
The killer bee stings you but does no damage.
The orc warrior hits you with a +0 battleaxe!
The orc warrior barely misses your +0 spectral war axe.
The killer bee stings you but does no damage.
You hit the killer bee. Your bite misses the killer bee.
The killer bee is almost dead.
You hit the orc warrior but do no damage.
Your +0 spectral war axe closely misses the orc warrior.
You feel sick. The killer bee stings you.
The orc warrior hits you with a +0 battleaxe.
* * * LOW HITPOINT WARNING * * *
The orc warrior misses your +0 spectral war axe.
The killer bee barely misses you.
You feel sick. The killer bee stings you.
* * * LOW HITPOINT WARNING * * *
The orc warrior attacks as you move away!
The orc warrior hits you with a +0 battleaxe.
* * * LOW HITPOINT WARNING * * *
You feel sick. The killer bee stings you.
* * * LOW HITPOINT WARNING * * *
You are more poisoned.
The killer bee poisons you!
As you read the scroll of teleportation, it crumbles to dust.
You feel strangely unstable.
* * * LOW HITPOINT WARNING * * *
You feel very sick. The killer bee stings you.
* * * LOW HITPOINT WARNING * * *
You are more poisoned.
The killer bee poisons you! The killer bee barely misses you.
The killer bee attacks as you move away!
The killer bee stings you.
* * * LOW HITPOINT WARNING * * *
You are more poisoned.
The killer bee poisons you!
You die...

.........###.#
#.#..........#
#.#..##.####.# #.
#.#..##.##...#
###.###.#..##......#####
#..........##..###......
##.##.##.#......# #>...>#
......##.#####..###.#.###
#...@...######..#.#
#....####∆ ####.# ##y###
##.### #o..##l. #...##
#†#..#.. #.....
#....#..## #...##
.........## ##.###
............ ##...##
...####..... #.#.#.#


You could see an orc warrior and a killer bee.

Vanquished Creatures
  Amaemon (D:8)
  An orange demon (D:8)
  Sigmund (D:2)
  A wyvern (D:8)
  A wraith (D:7)
  Grum (D:8)
  Eustachio (D:6)
  3 water moccasins
  3 ice beasts (D:7)
  2 sky beasts (D:7)
  A spectral hornet (D:7)
  4 wolves (D:8)
  3 centaurs
  A phantom (D:7)
  4 bullfrogs
  A necrophage (D:7)
  3 scorpions
  5 wights (D:6)
  A howler monkey (D:6)
  3 jellies
  An orc priest (D:7)
  A hound (D:5)
  Crazy Yiuf (D:2)
  2 centaur zombies (D:7)
  7 iguanas
  3 orc wizards
  Natasha (twice) (D:2)
  A centaur simulacrum (D:7)
  10 adders
  A shadow imp (D:8)
  A worm (D:2)
  2 dart slugs (D:1)
  15 orcs
  7 endoplasms
  4 giant cockroaches
  5 goblins
  15 hobgoblins
  2 jackals (D:5)
  4 quokkas
  5 ball pythons
  A bat (D:2)
  A frilled lizard (D:3)
  8 kobolds
  6 rats
146 creatures vanquished.

Vanquished Creatures (others)
  2 fungi (D:1)
  4 toadstools (D:1)
  20 withered plants (D:7)
26 creatures vanquished.

Grand Total: 172 creatures vanquished

Notes
Turn   | Place    | Note
-------+----------+-------------------------------------------
     0 | D:1      | jtron the Gnoll Wanderer began the quest for the Orb.
     0 | D:1      | jtron set off with the following items: a +0 war axe, a +0
                  | mace, 9 poisoned darts, a +0 dagger, a potion of curing, a
                  | +0 leather armour.
     0 | D:1      | Reached XP level 1. HP: 20/20 MP: 2/2
   183 | D:1      | Found a faded altar of an unknown god.
   294 | D:1      | Reached XP level 2. HP: 24/26 MP: 3/3
   754 | D:1      | Reached XP level 3. HP: 31/31 MP: 4/4
  1063 | D:2      | Reached skill level 1 in Short Blades
  1063 | D:2      | Reached skill level 1 in Long Blades
  1063 | D:2      | Reached skill level 1 in Polearms
  1063 | D:2      | Reached skill level 1 in Staves
  1063 | D:2      | Reached skill level 1 in Ranged Weapons
  1063 | D:2      | Reached skill level 1 in Armour
  1063 | D:2      | Reached skill level 1 in Dodging
  1063 | D:2      | Reached skill level 1 in Stealth
  1063 | D:2      | Reached skill level 1 in Shields
  1063 | D:2      | Reached skill level 1 in Unarmed Combat
  1063 | D:2      | Reached skill level 1 in Spellcasting
  1063 | D:2      | Reached skill level 1 in Evocations
  1101 | D:2      | Reached XP level 4. HP: 38/38 MP: 6/6
  1279 | D:2      | Found Kadwu Pae's Antique Armour Shoppe.
  1328 | D:2      | Found Ejyirauck's Armour Shoppe.
  1346 | D:2      | Reached skill level 1 in Conjurations
  1346 | D:2      | Reached skill level 1 in Hexes
  1346 | D:2      | Reached skill level 1 in Summonings
  1346 | D:2      | Reached skill level 1 in Necromancy
  1346 | D:2      | Reached skill level 1 in Translocations
  1346 | D:2      | Reached skill level 1 in Transmutations
  1346 | D:2      | Reached skill level 1 in Fire Magic
  1346 | D:2      | Reached skill level 1 in Ice Magic
  1346 | D:2      | Reached skill level 1 in Air Magic
  1346 | D:2      | Reached skill level 1 in Earth Magic
  1346 | D:2      | Reached skill level 1 in Poison Magic
  1393 | D:2      | Noticed Sigmund
  1399 | D:2      | Killed Sigmund
  1400 | D:2      | Reached XP level 5. HP: 43/43 MP: 7/7
  1400 | D:2      | Reached XP level 6. HP: 50/50 MP: 8/8
  1455 | D:2      | Noticed Natasha
  1467 | D:2      | Killed Natasha
  1468 | D:2      | Reached skill level 5 in Fighting
  1468 | D:2      | Reached skill level 5 in Maces & Flails
  1710 | D:2      | Noticed Natasha
  1711 | D:2      | Found Pitux's Assorted Antiques.
  1739 | D:2      | Killed Natasha
  1849 | D:2      | Found a runed translucent door.
  1882 | D:2      | Noticed Crazy Yiuf
  2114 | D:2      | Killed Crazy Yiuf
  2439 | D:3      | Found a bloodstained altar of Trog.
  2580 | D:3      | Found a hide-covered altar of Uskayaw.
  2580 | D:3      | Noticed a +0 dagger
  2581 | D:3      | Noticed a +0 hand axe
  2889 | D:4      | Reached XP level 7. HP: 50/56 MP: 10/10
  3113 | D:4      | Found a stormy altar of Qazlal.
  3579 | D:5      | Entered Level 5 of the Dungeon
  3596 | D:5      | Reached skill level 9 in Axes
  4146 | D:6      | Reached XP level 8. HP: 63/63 MP: 12/12
  4342 | D:6      | Noticed Eustachio
  4369 | D:6      | Killed Eustachio
  5317 | D:7      | Reached skill level 5 in Invocations
  5651 | D:7      | Reached skill level 5 in Evocations
  5651 | D:7      | Reached XP level 9. HP: 69/69 MP: 14/14
  5757 | D:7      | Found a snail-covered altar of Cheibriados.
  5850 | D:7      | Learned a level 2 spell: Wereblood
  5854 | D:7      | Learned a level 3 spell: Ozocubu's Armour
  5946 | D:7      | Reached skill level 5 in Throwing
  5961 | D:7      | Found a staircase to the Ecumenical Temple.
  5973 | D:7      | Found a radiant altar of Vehumet.
  5983 | Temple   | Entered the Ecumenical Temple
  6070 | Temple   | Became a worshipper of Makhleb the Destroyer
  6478 | D:7      | Found the +4 dagger "Morg" {pain, Will+ Int+5}
  6989 | D:8      | Found a glowing golden altar of the Shining One.
  7032 | D:8      | Noticed Grum
  7046 | D:8      | HP: 2/71 [constriction (6)]
  7047 | D:8      | Killed Grum
  7048 | D:8      | Reached skill level 5 in Short Blades
  7048 | D:8      | Reached skill level 5 in Long Blades
  7048 | D:8      | Reached skill level 5 in Polearms
  7048 | D:8      | Reached skill level 5 in Staves
  7048 | D:8      | Reached skill level 5 in Ranged Weapons
  7048 | D:8      | Reached skill level 5 in Armour
  7048 | D:8      | Reached skill level 5 in Dodging
  7048 | D:8      | Reached skill level 5 in Stealth
  7048 | D:8      | Reached skill level 5 in Shields
  7048 | D:8      | Reached skill level 5 in Unarmed Combat
  7048 | D:8      | Reached skill level 5 in Spellcasting
  7048 | D:8      | Reached XP level 10. HP: 2/77 MP: 17/17
  7411 | D:8      | Noticed Amaemon
  7420 | D:8      | Reached skill level 10 in Axes
  7423 | D:8      | Reached * piety under Makhleb
  7430 | D:8      | Noticed an orange demon
  7435 | D:8      | Killed Amaemon
  7439 | D:8      | Killed an orange demon
  7617 | D:8      | Found a staircase to the Lair.
  7764 | D:8      | HP: 2/79 [killer bee (5)]
  7764 | D:8      | Succumbed to a killer bee's poison

Illustrated notes

Levels and vault maps discovered:
D:1:      dpeg_arrival_shelter, layout_basic, basic_ecumenical_altar,
          minmay_gold_behind_fungi, minmay_vboxes
D:2:      layout_loops_ring, serial_shops, shop_statue, shop,
          nicolae_shop_statue_plus, skrybe_limestone_x, uniq_crazy_yiuf_cottage,
          uniq_natasha, uniq_sigmund
D:3:      layout_rooms, mainiacjoe_overflow_paths, dancing_weapons_uskayaw,
          minmay_quadrilaterals
D:4:      layout_basic, old_standard_altar, minmay_misc_feat_secret_circle,
          minmay_manual_mail
D:5:      layout_cave_pools
D:6:      layout_loops_ring, uniq_eustachio
D:7:      layout_loops_corners, fiery_altar_vehumet,
          mainiacjoe_overflow_brackets, minmay_temple_entry_trees,
          dilly_guarded_unrand_morg
D:8:      minmay_four_partial_circles, layout_loops_ring,
          general_overflow_altar, nicolae_tso_carved_into_rock, enter_bailey_3,
          kennysheep_cross_room, uniq_amaemon, uniq_grum, uniq_maggie
Temple:   hellmonk_temple_forest_ring

Skill      XL: |  1  2  3  4  5  6  7  8  9 10 |
---------------+-------------------------------+-----
Short Blades   | 1 2 3 5 |  5.4
Long Blades    | 1 2 3 5 |  5.4
Polearms       | 1 2 3 5 |  5.4
Staves         | 1 2 3 5 |  5.4
Ranged Weapons | 1 2 3 5 |  5.4
Armour         | 1 2 3 5 |  5.4
Dodging        | 1 2 3 5 |  5.4
Stealth        | 1 2 3 5 |  5.4
Shields        | 1 2 3 5 |  5.4
Unarmed Combat | 1 2 3 5 |  5.4
Spellcasting   | 1 2 3 5 |  5.4
Evocations     | 1 2 3 5 6 7 |  7.4
Conjurations   | 1 2 3 4 |  4.5
Hexes          | 1 2 3 4 |  4.5
Summonings     | 1 2 3 4 |  4.5
Necromancy     | 1 2 3 4 |  4.5
Translocations | 1 2 3 4 |  4.5
Transmutations | 1 2 3 4 |  4.5
Fire Magic     | 1 2 3 4 |  4.5
Ice Magic      | 1 2 3 4 |  4.5
Air Magic      | 1 2 3 4 |  4.5
Earth Magic    | 1 2 3 4 |  4.5
Poison Magic   | 1 2 3 4 |  4.5
Throwing       | 3 4 5 6 |  6.1
Invocations    | 3 4 5 6 |  6.6
Fighting       | 5 6 7 |  7.2
Maces & Flails | 5 6 7 |  7.2
Axes           | 9 10 | 10.2

Action                   |  1- 3 |  4- 6 |  7- 9 | 10-12 || total
-------------------------+-------+-------+-------+-------++-------
Melee: War axe           |    71 |   110 |   197 |    32 ||   410
       Bite              |     5 |    13 |    24 |     8 ||    50
       Punch             |     1 |       |     4 |     1 ||     6
 Fire: Sling             |       |     1 |       |       ||     1
Throw: Dart              |     3 |     7 |     3 |       ||    13
       Javelin           |       |       |     4 |       ||     4
 Cast: Wereblood         |       |       |     1 |     1 ||     2
Evoke: Wand              |       |       |     6 |       ||     6
  Use: Scroll            |     1 |     4 |     8 |     1 ||    14
       Potion            |     1 |     1 |     8 |       ||    10
 Stab: Sleeping          |       |     2 |     6 |     1 ||     9
       Paralysed         |       |       |     7 |       ||     7
       Distracted        |       |       |     2 |       ||     2
Armor: Leather armour    |    13 |    25 |    82 |    20 ||   140
Dodge: Dodged            |    48 |    51 |   120 |    27 ||   246
